 Dungeon Crawl Stone Soup version 0.29.1-12-g30fa7ad0bf (webtiles) character file.

Game seed: 13654823946090650121

810 H0rd4k the Insei (level 7, 0/48 HPs)
             Began as an Octopode Artificer on Dec 19, 2022.
             Was an Initiate of Gozag.
             Slain by an orc wizard
             ... wielding a +1 dagger of venom
              (1 damage)
             ... on level 6 of the Dungeon.
             The game lasted 00:07:54 (4774 turns).

H0rd4k the Insei (Octopode Artificer)               Turns: 4774, Time: 00:07:56

Health: 0/48       AC:  5    Str: 11    XL:     7   Next: 92%
Magic:  12/12      EV: 13    Int: 16    God:    Gozag
Gold:   318        SH:  0    Dex: 12    Spells: 13/13 levels left

rFire   . . .      SeeInvis .     - Unarmed
rCold   . . .      Faith    .   (no shield)
rNeg    . . .      Spirit   .   (helmet restricted)
rPois   .          Reflect  .   v - amulet of regeneration
rElec   .          Harm     .   k - ring of resist corrosion
rCorr   +          Rampage  .   h - +4 ring of protection
Will    .....                   (no ring)
Stlth   ++........              (no ring)
HPRegen 0.96/turn               (no ring)
MPRegen 0.13/turn               (no ring)
                                (no ring)
                                (no ring)

@: confused, lethally poisoned (0 -> -4)
A: almost no armour, amphibious, 8 rings, camouflage 1, gelatinous body 1,
(nimble swimmer 1), tentacles
a: Renounce Religion, Potion Petition, Call Merchant, Bribe Branch


You were on level 6 of the Dungeon.
You worshipped Gozag.
Gozag was aware of your devotion.
You visited 1 branch of the dungeon, and saw 6 of its levels.
You also visited: Sewer.

You collected 353 gold pieces.
You paid 35 gold pieces to Gozag.

Inventory:

Hand Weapons
 B - a +0 club
 E - a +4 dagger
Missiles
 j - 14 poisoned darts
Jewellery
 h - a +4 ring of protection (right tentacle)
 k - a ring of resist corrosion (left tentacle)
 v - an amulet of regeneration (around mantle)
Wands
 b - a wand of flame (13) (quivered)
 c - a wand of charming (11)
Scrolls
 e - 9 scrolls of teleportation {unknown}
 f - 3 scrolls of brand weapon {unknown}
 g - 2 scrolls of summoning {unknown}
 i - 2 scrolls of identify {unknown}
 m - 4 scrolls of magic mapping {unknown}
 n - a scroll of amnesia {unknown}
 r - a scroll of noise {unknown}
 t - a scroll of blinking {unknown}
 y - 3 scrolls of fear {unknown}
 C - a scroll of vulnerability {unknown}
 D - a scroll of enchant armour {unknown}
Potions
 a - 2 potions of magic
 d - a potion of attraction {unknown}
 l - 2 potions of cancellation {unknown}
 o - 3 potions of curing {unknown}
 p - a potion of heal wounds {unknown}
 q - 3 potions of flight {unknown}
 s - 2 potions of ambrosia {unknown}
 u - 2 potions of berserk rage {unknown}
 w - 2 potions of resistance
 x - 3 potions of lignification {unknown}
 z - 3 potions of might {unknown}
 A - 2 potions of degeneration {unknown}


   Skills:
 * Level 4.2 Fighting
 - Level 2.3 Dodging
 - Level 1.3 Stealth
 + Level 5.8 Unarmed Combat
 * Level 3.7 Spellcasting
 - Level 3.2 Evocations


You had 13 spell levels left.
You didn't know any spells.
Your spell library contained the following spells:

 Spells                   Type           Power      Damage    Failure   Level
 Apportation              Tloc           6%         N/A       17%         1
 Foxfire                  Conj/Fire      12%        2x1d4     17%         1
 Necrotise                Necr           12%        1d4       17%         1
 Summon Small Mammal      Summ           12%        N/A       17%         1
 Static Discharge         Conj/Air       3%         3-4/arc   26%         2
 Call Canine Familiar     Summ           3%         N/A       45%         3
 Conjure Flame            Conj/Fire      3%         6-21      45%         3
 Frozen Ramparts          Ice            6%         1d1       45%         3
 Inner Flame              Hex/Fire       3%         N/A       45%         3
 Summon Guardian Golem    Hex/Summ       3%         N/A       45%         3
 Flame Wave               Conj/Fire      3%         2d5       86%         4
 Ice Form                 Ice/Tmut       3%         N/A       86%         4
 Summon Ice Beast         Ice/Summ       3%         N/A       86%         4
 Lightning Bolt           Conj/Air       1%         1d12      99%         5
 Maxwell's Capacitive Co  Air            1%         ∞         100%        8


Dungeon Overview and Level Annotations

Branches:
Dungeon (6/15)              Sewer (visited)
 Temple: D:4-7

Altars:
Ashenzari
Fedhas
Gozag
Nemelex Xobeh
Okawaru
Xom

Annotations:
D:4 Blork the orc
D:5 exclusions: downstairs and upstairs


Innate Abilities, Weirdness & Mutations

You cannot wear most types of armour.
You are amphibious.
You can wear up to eight rings at the same time.
Your skin changes colour to match your surroundings (Stealth+).
Your rubbery body absorbs attacks. (AC +1, EV +1)
((You are camouflaged when in or above water. (Stealth+)))
You have tentacles for arms and can constrict up to eight enemies at once.


Message History

The magic dart hits you.
You hear some strange, mumbled words.
Something tries to affect you, but you resist.
You feel sick.
You hear some strange, mumbled words.
A puff of flame appears from out of thin air!
The puff of flame hits something!
You feel sick.
You hear some strange, mumbled words.
You are more confused.
You closely miss something. Your squeeze misses something.
You feel sick. Something hits you.
You feel sick. Something hits you but does no damage.
Something barely misses you.
You're too confused to move!
You feel sick. Something hits you but does no damage.
You hear some strange, mumbled words.
A puff of flame appears from out of thin air!
The puff of flame hits you. Something hits you.
You are more poisoned.
You bump into the rock wall.
You feel very sick. Something hits you. Something hits you but does no damage.
Something hits you.
* * * LOW HITPOINT WARNING * * *
You bump into the rock wall.
You feel very sick. Something hits you but does no damage.
You hear some strange, mumbled words.
Something tries to affect you, but you resist.
You hear some strange, mumbled words.
A magic dart appears from out of thin air!
The magic dart hits you.
* * * LOW HITPOINT WARNING * * *
It was a potion of magic.
Magic courses through your body.
* * * LOW HITPOINT WARNING * * *
You feel sick. Something hits you but does no damage. Something hits you.
* * * LOW HITPOINT WARNING * * *
Something hits you.
You die...
Your body crumbles into a pile of gold.

.. ##.# #..
######.## #
#.......#
###.#......#
#.........[#
#....##..{.#
..##.>..o{@#
.........####
#.######..####
##.o$.###
####.{.#
####...o##
.......<.#
.)..#####..#
... #.#


You could see an orc.

Vanquished Creatures
  Pargi (Sewer)
  A scorpion (D:5)
  A necrophage (D:5)
  A howler monkey (D:5)
  A hound (D:3)
  Jessica (D:3)
  3 iguanas
  Terence (D:3)
  Ijyb (D:3)
  2 orc wizards
  Robin (D:2)
  11 adders
  A worm (D:2)
  2 dart slugs (D:1)
  12 orcs
  9 ball pythons
  3 bats
  12 endoplasms
  3 giant cockroaches (D:3)
  12 goblins
  7 hobgoblins
  6 jackals
  10 kobolds
  A quokka (D:5)
  7 frilled lizards
  5 rats
115 creatures vanquished.

Vanquished Creatures (collateral kills)
  A jelly (D:4)
  A hound (D:6)
  2 gnolls (D:3)
  2 dart slugs
  An orc (D:3)
  2 endoplasms
  2 hobgoblins (D:4)
  A quokka (D:2)
  A frilled lizard (D:2)
  A kobold (D:4)
14 creatures vanquished.

Vanquished Creatures (others)
  A jelly (D:3)
  2 gnolls (D:3)
  An orc (D:3)
  9 fungi (D:3)
  9 toadstools (D:3)
22 creatures vanquished.

Grand Total: 151 creatures vanquished

Notes
Turn   | Place    | Note
-------+----------+-------------------------------------------
     0 | D:1      | H0rd4k the Octopode Artificer began the quest for the Orb.
     0 | D:1      | Reached XP level 1. HP: 13/13 MP: 1/1
   280 | D:1      | Reached XP level 2. HP: 7/18 MP: 3/3
   652 | D:1      | Reached skill level 1 in Spellcasting
  1102 | D:2      | Reached XP level 3. HP: 24/24 MP: 4/4
  1238 | D:2      | Noticed Robin
  1239 | D:2      | Killed Robin
  1240 | D:2      | Reached skill level 1 in Unarmed Combat
  1267 | D:2      | Reached XP level 4. HP: 24/30 MP: 6/6
  2048 | D:3      | Found a faded altar of an unknown god.
  2164 | D:3      | Noticed Jessica
  2244 | D:3      | Reached skill level 2 in Unarmed Combat
  2244 | D:3      | Reached XP level 5. HP: 36/36 MP: 8/8
  2248 | D:3      | Noticed Ijyb
  2260 | D:3      | Killed Ijyb
  2339 | D:3      | Found a glowing drain.
  2345 | D:3      | Reached XP level 6. HP: 42/42 MP: 10/10
  2346 | D:3      | Noticed Terence
  2354 | Sewer    | Entered a sewer
  2398 | Sewer    | Noticed Pargi
  2424 | Sewer    | Reached skill level 3 in Unarmed Combat
  2426 | Sewer    | Killed Pargi
  2623 | D:3      | Killed Terence
  2797 | D:3      | Killed Jessica
  2917 | D:3      | Reached skill level 4 in Unarmed Combat
  3231 | D:4      | Noticed Blork the orc
  3253 | D:4      | Reached XP level 7. HP: 29/47 MP: 10/12
  3520 | D:4      | Found a blossoming altar of Fedhas.
  3522 | D:4      | Found a broken altar of Ashenzari.
  3522 | D:4      | Found a shimmering altar of Xom.
  3522 | D:4      | Found an iron altar of Okawaru.
  3527 | D:4      | Found a sparkling altar of Nemelex Xobeh.
  3533 | D:4      | Found an opulent altar of Gozag.
  3676 | D:4      | Became a worshipper of Gozag Ym Sagoz the Greedy
  4058 | D:5      | Entered Level 5 of the Dungeon
  4211 | D:5      | Reached skill level 5 in Unarmed Combat
  4774 | D:6      | HP: 1/48 [something (3)]
  4774 | D:6      | Slain by an orc wizard

Illustrated notes

Levels and vault maps discovered:
D:1:      onia_arrival_mini_maze_b, layout_basic
D:2:      layout_loops_ring, uniq_robin
D:3:      cheibrodos_fertilizer, layout_basic, gup_sewer_entry_glass,
          basic_ecumenical_altar, chequers_jeans, minmay_door_square,
          uniq_terence, uniq_jessica, uniq_ijyb
D:4:      layout_basic, minitemple, uniq_blork_the_orc
D:5:      layout_basic
D:6:      layout_rooms, temple_green, ebering_ghost_reflecting_pool

Skill      XL: |  1  2  3  4  5  6  7 |
---------------+----------------------+-----
Spellcasting   | 1 2 3 |  3.7
Fighting       | 2 3 4 |  4.2
Unarmed Combat | 1 2 4 5 |  5.8
Dodging        | |  2.3
Stealth        | |  1.3
Evocations     | |  3.2

Action                   |  1- 3 |  4- 6 |  7- 9 || total
-------------------------+-------+-------+-------++-------
Melee: Unarmed           |    56 |    99 |    79 ||   234
       Constrict         |    20 |    26 |    16 ||    62
       Tentacles         |    14 |    24 |    27 ||    65
       Punch             |       |     4 |     7 ||    11
Evoke: Wand              |     3 |    23 |    11 ||    37
  Use: Potion            |       |       |     1 ||     1
 Stab: Sleeping          |     4 |     5 |     5 ||    14
       Distracted        |       |       |     1 ||     1
Armor: Skin              |     9 |    23 |    23 ||    55
Dodge: Dodged            |    33 |    76 |    56 ||   165
